Map: [ESL] Ancient Cistern

Players

Has - Winner!

  • Race: Protoss Protoss
  • Spawn Location: 7:00

iGMacSed (MacSed)

  • Race: Protoss Protoss
  • League: Grandmaster
  • Spawn Location: 1:00

Event: ESL SC2 Masters 2023 Summer (Regionals)

VOD

Have the link to the VOD?

Description

Time

  • Played on: May 3, 2023, 8 a.m.
  • Length: 9:50

All games in this series

Show
View Real Time Build Order
Export as new Build Order

Has Protoss - Winner!

Build Orders: Blink Stalkers 

Get SALT Encoding   

  12  0:00  Probe  
  13  0:12  Probe  
  14  0:17  Pylon  
  14  0:24  Probe (Chrono Boost)  
  15  0:36  Probe (Chrono Boost)  
  15  0:39  Gateway  
  16  0:45  Probe (Chrono Boost)  
  16  0:47  Assimilator  
  17  0:51  Probe  
  17  0:55  Assimilator  
  18  1:03  Probe  
  19  1:09  Gateway  
  19  1:15  Probe  
  20  1:27  Probe  
  20  1:31  Cybernetics Core  
  21  1:36  Pylon  
  21  1:39  Probe  
  22  1:51  Probe  
  23  2:03  Probe  
  23  2:07  Adept x2, Warp Gate  
  28  2:12  Pylon  
  29  2:15  Probe  
  30  2:35  Nexus, Probe  
  30  2:42  Stalker  
  32  2:49  Stalker  
  34  2:53  Probe  
  35  3:04  Twilight Council  
  35  3:10  Probe (Chrono Boost)  
  35  3:12  Pylon  
  36  3:22  Probe (Chrono Boost)  
  37  3:29  Probe (Chrono Boost)  
  38  3:35  Blink (Chrono Boost)  
  38  3:36  Probe  
  38  3:37  Forge  
  39  3:48  Probe (Chrono Boost)  
  40  3:54  Probe (Chrono Boost)  
  40  3:55  Robotics Facility  
  41  3:58  Probe (Chrono Boost)  
  43  4:03  Probe x2 (Chrono Boost)  
  43  4:08  Stalker  
  46  4:13  Probe, Stalker, Protoss Ground Weapons Level 1 (Chrono Boost)  
  49  4:18  Probe  
  50  4:25  Probe  
  50  4:30  Probe  
  50  4:37  Probe  
  51  4:41  Stalker  
  51  4:42  Stalker  
  51  4:44  Pylon  
  55  4:51  Observer (Chrono Boost)  
  55  4:52  Shield Battery  
  54  4:57  Pylon  
  54  4:59  Assimilator  
  54  5:03  Immortal (Chrono Boost)  
  54  5:06  Gateway  
  54  5:07  Gateway  
  58  5:12  Probe  
  60  5:14  Pylon  
  60  5:23  Nexus  
  60  5:25  Probe  
  60  5:34  Stalker  
  60  5:35  Stalker  
  64  5:36  Probe  
  64  5:37  Observer (Chrono Boost)  
  66  5:43  Probe  
  66  5:44  Gateway  
  67  5:51  Observer  
  67  5:53  Pylon  
  67  5:56  Warp Prism (Chrono Boost)  
  70  5:59  Probe  
  70  6:08  Stalker x3  
  70  6:10  Probe  
  77  6:12  Probe  
  77  6:13  Protoss Ground Weapons Level 2 (Chrono Boost)  
  77  6:22  Probe  
  77  6:24  Probe  
  79  6:26  Observer  
  79  6:28  Shield Battery  
  80  6:33  Stalker  
  80  6:34  Probe  
  80  6:36  Stalker  
  85  6:41  Stalker  
  85  6:42  Probe  
  85  6:43  Pylon  
  85  6:44  Probe  
  90  6:47  Probe  
  90  6:51  Pylon  
  90  6:53  Charge  
  90  6:58  Stalker x2  
  90  7:01  Probe, Assimilator  
  94  7:03  Probe  
  94  7:04  Probe  
  97  7:12  Stalker x2  
  102  7:16  Gateway  
  102  7:19  Gateway  
  102  7:22  Probe  
  102  7:31  Stalker x2  
  102  7:32  Stalker  
  102  7:33  Probe  
  102  7:34  Probe  
  102  7:35  Pylon  
  110  7:38  Stalker  
  108  7:56  Stalker x3  
  108  7:57  Probe x2  
  116  8:01  Pylon  
  116  8:02  Pylon  
  116  8:04  Probe  
  117  8:07  Gateway  
  117  8:08  Gateway  
  117  8:11  Gateway  
  117  8:12  Gateway  
  117  8:15  Pylon  
  117  8:19  Probe  
  118  8:21  Pylon  
  118  8:22  Zealot x3  
  124  8:30  Probe x2, Templar Archives  
  124  8:31  Probe  
  124  8:33  Assimilator  
  124  8:34  Photon Cannon  
  127  8:38  Zealot  
  127  8:39  Zealot, Photon Cannon  
  131  8:56  Nexus, Pylon  
  131  8:57  Pylon  
  131  9:05  Zealot x3  
  131  9:06  Zealot x3  
  143  9:11  Probe x2  
  130  9:27  Zealot x4  
  130  9:28  Zealot x5  
  130  9:31  Probe  
  131  9:37  Probe  
Show
View Real Time Build Order
Export as new Build Order

iGMacSed Protoss 

Build Orders:  

Get SALT Encoding   

  12  0:00  Probe  
  13  0:12  Probe  
  14  0:17  Pylon  
  14  0:24  Probe (Chrono Boost)  
  16  0:36  Probe (Chrono Boost), Gateway  
  16  0:43  Probe (Chrono Boost)  
  16  0:46  Assimilator  
  17  0:50  Probe  
  17  0:57  Assimilator  
  18  1:03  Probe (Chrono Boost)  
  19  1:08  Gateway  
  19  1:13  Probe (Chrono Boost)  
  19  1:18  Probe (Chrono Boost)  
  21  1:25  Cybernetics Core  
  21  1:29  Probe  
  22  1:36  Pylon  
  22  1:41  Probe  
  23  1:54  Probe  
  24  2:02  Stalker, Sentry  
  24  2:04  Warp Gate  
  28  2:12  Pylon  
  28  2:25  Stalker  
  30  2:32  Sentry  
  32  2:39  Nexus  
  32  2:46  Shield Battery  
  32  2:48  Probe  
  33  3:02  Stalker, Sentry  
  37  3:07  Pylon  
  37  3:12  Probe  
  37  3:23  Shield Battery  
  37  3:30  Probe  
  38  3:37  Twilight Council  
  38  3:42  Probe  
  39  3:49  Shield Battery  
  39  3:52  Probe  
  39  3:53  Adept x2  
  39  3:54  Probe  
  45  4:07  Probe  
  45  4:08  Probe  
  47  4:19  Probe  
  47  4:22  Blink (Chrono Boost)  
  47  4:27  Probe  
  47  4:28  Stalker x2  
  51  4:34  Probe  
  52  4:39  Probe  
  53  4:47  Probe  
  53  4:51  Probe  
  55  4:55  Robotics Facility  
  55  4:57  Stalker x2  
  55  4:59  Probe  
  60  5:02  Pylon  
  60  5:03  Probe  
  61  5:11  Probe  
  62  5:20  Probe  
  63  5:25  Gateway  
  63  5:27  Probe  
  64  5:28  Gateway  
  64  5:34  Stalker x2  
  68  5:38  Nexus  
  68  5:42  Probe, Pylon  
  69  5:45  Observer  
  69  5:49  Pylon  
  70  6:00  Probe  
  70  6:01  Stalker x2  
  70  6:02  Charge (Chrono Boost)  
  75  6:05  Probe, Shield Battery  
  76  6:12  Probe  
  76  6:18  Probe  
  78  6:24  Probe  
  78  6:25  Gateway  
  79  6:28  Gateway  
  79  6:30  Gateway  
  79  6:32  Gateway  
  79  6:33  Stalker  
  79  6:36  Probe x2  
  83  6:40  Warp Prism (Chrono Boost)  
  85  6:49  Probe  
  85  6:50  Probe  
  85  6:51  Pylon  
  87  6:56  Stalker  
  87  6:57  Probe  
  90  7:05  Stalker x3  
  96  7:28  Probe  
  93  7:35  Zealot x7  
  93  7:36  Zealot  
  99  7:54  Probe  
  99  7:56  Observer  
  99  7:57  Stalker  
  99  7:58  Stalker x5  
  108  8:01  Observer  
  108  8:04  Observer  
  109  8:05  Shield Battery  
  109  8:10  Pylon x2  
  108  8:14  Probe  
  108  8:15  Shield Battery  
  108  8:17  Shield Battery  
  108  8:28  Immortal  
  108  8:29  Stalker x2  
  108  8:31  Zealot x2  
  108  8:32  Zealot x2  
  124  8:38  Pylon  
  124  8:40  Pylon  
  124  8:42  Pylon  
  124  8:48  Nexus  
  124  8:49  Probe  
  124  8:50  Pylon  
  125  8:56  Probe  
  125  9:02  Stalker x4  
  132  9:04  Zealot x4  
  118  9:26  Zealot x6, Stalker x2  
Tags
 
Add a new tag
Caveats
  • Supply blocks, unpowered buildings, or Contaminate may cause inaccurate times.
  • Supply counts are checked every 10 seconds.